 Dungeon Crawl Stone Soup version 0.31-a0-569-g7ea453304b (webtiles) character file.

Game seed: 10355343725767462517

5385 JackS81 the Basher (level 10, -6/88 HPs)
             Began as a Naga Shapeshifter on Aug 18, 2023.
             Was a Believer of Cheibriados.
             Mangled by a vampire (10 damage)
             ... on level 10 of the Dungeon.
             The game lasted 00:49:21 (8253 turns).

JackS81 the Basher (Naga Shapeshifter)              Turns: 8253, Time: 00:49:21

Health: -6/88      AC:  5    Str: 22    XL:     10   Next: 66%
Magic:  12/12      EV:  8    Int: 21    God:    Cheibriados [**....]
Gold:   70         SH:  0    Dex: 17    Spells: 4/9 levels left

rFire   . . .        W - +3 morningstar
rCold   . . .        Q - +2 kite shield
rNeg    . . .        V - +0 steam dragon scales
rPois   +            (helmet currently unavailable)
rElec   .            G - melded +1 cloak {Stlth+}
rCorr   .            (gloves currently unavailable)
SInv    +            (no barding)
Will    +....        q - amulet of regeneration
Stlth   +            p - +4 ring of slaying
HPRegen 1.14/turn    C - +6 ring of intelligence
MPRegen 0.13/turn

%: no passive effects
@: confused, beast-form, very slow
A: beast (slay +3), AC +3, large, see invisible, deformed body, poison
resistance, slowness 2, spit poison 1, naga tail 1
a: Spit Poison, Begin Untransformation, Renounce Religion, Bend Time


You were on level 10 of the Dungeon.
You worshipped Cheibriados.
Cheibriados was pleased with you.
You were a hulking beast.
You visited 2 branches of the dungeon, and saw 12 of its levels.
You also visited: Ossuary.

You collected 671 gold pieces.
You spent 601 gold pieces at shops.

Inventory:

Hand Weapons
 o - a +1 dagger of venom
 r - a +0 whip
 s - a +0 sling
 u - a +0 arbalest
 D - a +0 heavy mace
 P - a +2 dagger of venom
 W - a +3 morningstar (weapon)
Missiles
 i - 104 stones
 x - 5 atropa-tipped darts
 y - 25 poisoned darts
 K - 4 javelins
 R - 4 curare-tipped darts
Armour
 G - a +1 cloak of stealth (melded)
 N - an orb of light
 Q - a +2 kite shield (worn)
 V - +0 steam dragon scales (worn)
Jewellery
 p - a +4 ring of slaying (left hand)
 q - an amulet of regeneration (around neck)
 C - a +6 ring of intelligence (right hand)
Talismans
 c - a beast talisman (active)
 d - a flux talisman
Wands
 a - a wand of polymorph (1)
 v - a wand of mindburst (11)
 A - a wand of charming (17)
 T - a wand of flame (13)
Scrolls
 b - 2 scrolls of enchant weapon {unknown}
 e - 5 scrolls of amnesia
 f - 3 scrolls of teleportation
 j - a scroll of immolation {unknown}
 k - a scroll of acquirement {unknown}
 m - a scroll of fog {unknown}
 E - a scroll of brand weapon {unknown}
 F - a scroll of revelation {unknown}
 H - a scroll of fear {unknown}
 I - a scroll of vulnerability {unknown}
 O - 2 scrolls of poison {unknown}
 U - a scroll of butterflies
Potions
 g - 2 potions of resistance
 h - 2 potions of might
 l - 2 potions of enlightenment
 n - 2 potions of ambrosia
 t - 2 potions of heal wounds
 w - 3 potions of curing
 z - a potion of magic {unknown}
 B - 3 potions of brilliance
 J - a potion of attraction {unknown}
 M - a potion of mutation {unknown}


   Skills:
 - Level 5.2 Fighting
 * Level 10.2 Maces & Flails
 - Level 1.5 Dodging
 + Level 3.8 Stealth
 + Level 2.4 Shields
 - Level 5.1 Unarmed Combat
 * Level 3.8 Translocations
 * Level 3.7 Fire Magic
 * Level 2.8 Invocations
 * Level 5.7 Shapeshifting


You had 4 spell levels left.
You knew the following spells:

 Your Spells              Type           Power      Damage    Failure   Level
a - Volatile Blastmotes   Fire/Tloc      32%        2d12      26%         3
b - Lesser Beckoning      Tloc           32%        N/A       13%         2

Your spell library contained the following spells:

 Spells                   Type           Power      Damage    Failure   Level
 Blink                    Tloc           32%        N/A       13%         2
 Momentum Strike          Conj/Tloc      16%        3d8       28%         2
 Wereblood                Tmut           0%         N/A       54%         2
 Dazzling Flash           Conj/Hex       0%         N/A       77%         3
 Ozocubu's Armour         Ice            0%         N/A       77%         3
 Irradiate                Conj/Tmut      0%         3d11      100%        5
 Conjure Ball Lightning   Conj/Air       0%         3x3d6     100%        6
 Starburst                Conj/Fire      3%         6d3       100%        6
 Ozocubu's Refrigeration  Ice            0%         4d7       100%        7
 Discord                  Hex            0%         N/A       100%        8
 Disjunction              Tloc           8%         N/A       100%        8
 Maxwell's Capacitive Co  Air            0%         ∞         100%        8


Dungeon Overview and Level Annotations

Branches:
Dungeon (11/15)            Temple (1/1) D:5            Lair (0/5) D:9
Ossuary (visited)
    Orc: D:9-12

Altars:
Ashenzari
Cheibriados
Dithmenos
Elyvilon
Fedhas
Gozag
Hepliaklqana
Kikubaaqudgha
Makhleb
Nemelex Xobeh
Okawaru
Qazlal
Ru
Sif Muna
Trog
Uskayaw
Vehumet
Wu Jian
Xom
Yredelemnul
Zin
The Shining One

Shops:
D:4 (   D:8 =(:   D:10 ?

Annotations:
D:8 3 runed translucent doors, Morbidden's ghost, novice DsCj


Innate Abilities, Weirdness & Mutations

You are a hulking beast.
Your limbs bulge with bestial killing power. (Slay +3)
Your serpentine skin is tough. (AC +3)
You have supernaturally acute eyesight. (SInv)
Armour fits poorly on your strangely shaped body.
Your system is resistant to poisons. (rPois)
You cover ground very slowly.
You can spit poison.
You have a snake-like lower body.


Message History

You hit the vampire.
The vampire is lightly damaged.
You block the vampire's attack. The vampire bites you.
The vampire draws strength from your injuries!
You closely miss the vampire.
The vampire is lightly damaged.
You block the vampire's attack. The vampire bites you.
* * * LOW HITPOINT WARNING * * *
The vampire draws strength from your injuries!
You hit the vampire.
The vampire is lightly damaged.
The vampire casts a spell.
The vampire flickers and vanishes for a moment.
You block the vampire's attack. The vampire completely misses you.
You hit the vampire.
The vampire is moderately damaged.
You block the vampire's attack. The vampire bites you!
* * * LOW HITPOINT WARNING * * *
The vampire draws strength from your injuries!
Aiming: Throw Flame
Press: ? - help, Shift-Dir - straight line, f/p - vampire
Aim: a vampire (lightly damaged, slightly transparent, 68% to hit)
The puff of flame hits the vampire.
The vampire is moderately damaged.
The vampire closely misses you. You block the vampire's attack.
You feel much better. The vampire casts a spell at you.
You are confused.
You're too confused to move!
The vampire hits you! The vampire bites you.
The vampire draws strength from your injuries!
The vampire hits you. The vampire bites you!
* * * LOW HITPOINT WARNING * * *
The vampire draws strength from your injuries!
The vampire barely misses you. The vampire bites you!
* * * LOW HITPOINT WARNING * * *
The vampire draws strength from your injuries!
Found a dented copper amulet.
The vampire hits you!
* * * LOW HITPOINT WARNING * * *
The vampire bites you!
You die...

# ##.. .."
...##...
##.#......
#..#......
#.#......
####.#...[#
#<.....######
##))Vh.......
#..).########
#.).## #..##
#.)# #...
#..o #.. #


You could see a vampire (invisible).

Vanquished Creatures
  A komodo dragon (D:9)
  A kobold demonologist (D:9)
  2 trolls
  A hornet (D:9)
  A wraith (D:9)
  Eustachio (D:6)
  A steam dragon (D:9)
  A vampire mosquito (D:9)
  3 water moccasins
  An ice beast (D:8)
  3 orc warriors
  A black bear (D:5)
  3 centaurs
  2 phantoms
  5 kobold brigands
  A bullfrog (D:5)
  2 elf zombies (Ossuary)
  2 scorpions (D:5)
  9 wights
  9 killer bees
  A howler monkey (D:9)
  3 orc priests
  A gnoll bouda (D:8)
  2 hounds (D:7)
  Crazy Yiuf (D:4)
  4 iguanas
  2 sleepcaps
  Natasha (twice) (D:4)
  4 orc wizards
  2 mummies (Ossuary)
  13 adders
  8 gnolls
  2 shadow imps
  3 white imps
  2 ufetubi
  A worm zombie (D:4)
  2 worms
  3 dart slugs
  28 orcs
  9 ball pythons
  10 bats
  4 endoplasms
  3 giant cockroaches
  3 gnoll zombies (Ossuary)
  8 goblins
  7 hobgoblins
  3 jackals (D:1)
  6 quokkas
  3 frilled lizards
  3 goblin zombies (Ossuary)
  4 hobgoblin zombies (Ossuary)
  29 kobolds
  2 orc zombies (Ossuary)
  6 rats
234 creatures vanquished.

Vanquished Creatures (collateral kills)
  Natasha (D:4)
1 creature vanquished.

Grand Total: 235 creatures vanquished

Notes
Turn   | Place    | Note
-------+----------+-------------------------------------------
     0 | D:1      | JackS81 the Naga Shapeshifter began the quest for the Orb.
     0 | D:1      | Reached XP level 1. HP: 18/18 MP: 1/1
    64 | D:1      | Reached XP level 2. HP: 8/25 MP: 2/2
   394 | D:1      | Reached XP level 3. HP: 12/31 MP: 3/3
  1028 | D:2      | Reached XP level 4. HP: 35/38 MP: 4/4
  1673 | D:3      | Reached skill level 5 in Unarmed Combat
  1713 | D:3      | Reached XP level 5. HP: 34/44 MP: 5/5
  1779 | D:3      | Found a shimmering blue altar of Sif Muna.
  1926 | D:3      | Learned a level 3 spell: Volatile Blastmotes
  2272 | D:4      | Noticed a phantom
  2286 | D:4      | Killed a phantom
  2287 | D:4      | Reached skill level 1 in Maces & Flails
  2287 | D:4      | Reached XP level 6. HP: 36/55 MP: 6/6
  2403 | D:4      | Reached skill level 2 in Maces & Flails
  2415 | D:4      | Reached skill level 1 in Stealth
  2539 | D:4      | Noticed Natasha
  2550 | D:4      | Killed Natasha
  2586 | D:4      | Found a runed translucent door.
  2587 | D:4      | Noticed Crazy Yiuf
  2594 | D:4      | Killed Crazy Yiuf
  2663 | D:4      | Found a sand-covered staircase.
  2675 | Ossuary  | Entered an ossuary
  2757 | Ossuary  | Reached skill level 3 in Maces & Flails
  2757 | Ossuary  | Reached XP level 7. HP: 59/62 MP: 7/7
  2990 | D:4      | Noticed Natasha
  3000 | D:4      | Killed Natasha
  3083 | D:4      | Noticed Natasha
  3089 | D:4      | Killed Natasha
  3269 | D:4      | Found Riuc's Weapon Shoppe.
  3292 | D:5      | Entered Level 5 of the Dungeon
  3493 | D:5      | Reached skill level 4 in Maces & Flails
  3880 | D:5      | Reached skill level 5 in Maces & Flails
  3880 | D:5      | Reached XP level 8. HP: 73/73 MP: 8/8
  3908 | D:5      | Found a stormy altar of Qazlal.
  3910 | D:5      | Noticed a water elemental
  3912 | D:5      | Noticed an air elemental
  3926 | D:5      | Found a staircase to the Ecumenical Temple.
  3938 | Temple   | Entered the Ecumenical Temple
  4440 | D:6      | Noticed Eustachio
  4455 | D:6      | Killed Eustachio
  4456 | D:6      | Reached skill level 6 in Maces & Flails
  4459 | D:6      | Reached skill level 5 in Fighting
  4852 | D:6      | Reached skill level 7 in Maces & Flails
  5018 | D:7      | Noticed a troll
  5033 | D:7      | Killed a troll
  5034 | D:7      | Reached skill level 1 in Translocations
  5034 | D:7      | Reached skill level 1 in Fire Magic
  5034 | D:7      | Reached XP level 9. HP: 31/81 MP: 9/9
  5113 | D:7      | Found an opulent altar of Gozag.
  5478 | D:7      | Reached skill level 8 in Maces & Flails
  6154 | D:8      | Found Oghog's Weapon Emporium.
  6171 | D:8      | Found a sparkling altar of Nemelex Xobeh.
  6182 | D:8      | Found a sacrificial altar of Ru.
  6183 | D:8      | Found a bloodstained altar of Trog.
  6189 | D:8      | Found an ancient bone altar of Kikubaaqudgha.
  6191 | D:8      | Found a white marble altar of Elyvilon.
  6192 | D:8      | Found a broken altar of Ashenzari.
  6194 | D:8      | Found a snail-covered altar of Cheibriados.
  6197 | D:8      | Found a hazy altar of Hepliaklqana.
  6199 | D:8      | Found a glowing golden altar of the Shining One.
  6201 | D:8      | Became a worshipper of Cheibriados the Contemplative
  6213 | D:8      | Reached skill level 1 in Shields
  6366 | D:8      | Found Cauf's Book Boutique.
  6374 | D:8      | Bought a book of Spatial Translocations for 252 gold pieces
  6374 | D:8      | Bought a book of Changes for 252 gold pieces
  6377 | D:8      | Learned a level 2 spell: Lesser Beckoning
  6513 | D:8      | Found a shadowy altar of Dithmenos.
  6539 | D:8      | Found a runed translucent gate.
  6539 | D:8      | Found a runed translucent gate.
  6539 | D:8      | Found a runed translucent gate.
  6542 | D:8      | Noticed Morbidden's ghost (novice DsCj)
  6762 | D:8      | Reached skill level 5 in Shapeshifting
  6885 | D:8      | You fall into a shaft and drop 3 floors!
  6898 | D:11     | Noticed a cyan ugly thing
  6939 | D:10     | Entered Level 10 of the Dungeon
  6956 | D:10     | Found Tonul's Magic Scroll Boutique.
  6961 | D:10     | Bought a scroll of enchant armour for 97 gold pieces
  7018 | D:9      | Noticed a hornet
  7026 | D:9      | Killed a hornet
  7027 | D:9      | Reached skill level 9 in Maces & Flails
  7027 | D:9      | Reached skill level 1 in Invocations
  7027 | D:9      | Reached XP level 10. HP: 79/88 MP: 10/10
  7163 | D:8      | Found Pusunati's Jewellery Boutique.
  7260 | D:9      | Reached * piety under Cheibriados
  7353 | D:9      | Noticed a kobold demonologist
  7367 | D:9      | Noticed a soul eater
  7373 | D:9      | Killed a kobold demonologist
  7713 | D:9      | Reached skill level 10 in Maces & Flails
  7990 | D:9      | Reached ** piety under Cheibriados
  8039 | D:9      | Found a staircase to the Lair.
  8253 | D:10     | HP: 4/88 [vampire (9)]
  8253 | D:10     | Mangled by a vampire

Illustrated notes

Levels and vault maps discovered:
D:1:      minmay_arrival_five_plusses, layout_rooms, minmay_heptomino_h4
D:2:      cheibrodos_old_hovel, layout_basic
D:3:      layout_rooms, mainiacjoe_overflow_tiny_flanked, minmay_misc_feat_roman
D:4:      layout_loops_cross, enter_ossuary_3, serial_shops, shop,
          minmay_crossroads, uniq_natasha, uniq_crazy_yiuf_cottage
D:5:      layout_basic, nicolae_qazlal_style_of_elements, temple_statues,
          serial_glass, glass_columns_a, glass_columns_b
D:6:      cheibrodos_thug_alley, layout_basic, kennysheep_generic_room_4,
          uniq_eustachio
D:7:      cheibrodos_iron_armory, layout_basic, grunt_gozag_statues,
          minivault_24, minmay_quadrilaterals
D:8:      layout_basic, mainiacjoe_overflow_small_starburst,
          nicolae_overflow_hallway_of_the_gods, gammafunk_ghost_nasty_kobolds,
          serial_shops, nicolae_lakefront_shop, nicolae_shop_statue_plus,
          shop_fountains
D:9:      minmay_skewed_foursquare, layout_rooms, david_lair_shrubbed,
          minmay_fractal_squares_gapless_5
D:10:     layout_rooms, enter_bailey_3, serial_shops,
          nicolae_shop_tiny_waterfront
D:11:     layout_roguey, serial_shops, nicolae_stop_n_shop_2,
          kennysheep_orc_sif_temple
Temple:   nicolae_temple_bog_church

Skill      XL: |  1  2  3  4  5  6  7  8  9 10 |
---------------+-------------------------------+-----
Unarmed Combat | 4 5 |  5.1
Fighting       | 2 3 4 5 |  5.2
Maces & Flails | 1 3 5 7 9 10 | 10.2
Stealth        | 1 2 3 |  3.8
Shapeshifting  | 4 5 |  5.7
Translocations | 1 3 |  3.8
Fire Magic     | 1 3 |  3.7
Shields        | 1 2 |  2.4
Invocations    | 1 2 |  2.8
Dodging        | |  1.5

Action                     |  1- 3 |  4- 6 |  7- 9 | 10-12 || total
---------------------------+-------+-------+-------+-------++-------
  Melee: Unarmed           |    64 |       |       |       ||    64
         Punch             |     1 |     1 |     5 |       ||     7
         Whip              |     5 |    79 |   301 |   130 ||   515
         Dagger            |     3 |    13 |       |       ||    16
         Mace              |       |       |     5 |       ||     5
         Morningstar       |       |       |       |    25 ||    25
   Fire: Sling             |    22 |    97 |   145 |    29 ||   293
   Cast: Volatile Blastmot |       |       |       |     2 ||     2
 Invoke: Bend Time         |       |       |       |     1 ||     1
Ability: Spit Poison       |       |     1 |     3 |       ||     4
         Begin Untransform |       |     1 |       |       ||     1
  Evoke: Wand              |       |     1 |     1 |     1 ||     3
    Use: Potion            |       |       |     4 |     1 ||     5
         Scroll            |       |       |    10 |     1 ||    11
   Stab: Sleeping          |       |     1 |     1 |       ||     2
         Distracted        |       |       |     1 |       ||     1
 Armour: Animal skin       |    17 |    19 |    72 |    13 ||   121
         Skin              |       |       |    96 |       ||    96
         Steam dragon scal |       |       |       |     6 ||     6
  Dodge: Dodged            |    46 |    66 |   134 |    46 ||   292
  Block: Kite shield       |       |       |    90 |    80 ||   170
   Form: Beast             |       |     2 |       |       ||     2
         Flux              |       |     1 |       |       ||     1

Table legend: (Time is in decaauts)
 A = Elapsed time spent in this place.
 B = Non-inter-level travel time spent in this place.
 C = Inter-level travel time spent in this place.
 D = Time resting spent in this place.
 E = Time spent auto-exploring this place.
 F = Levels seen in this place.
 G = Mean time per level.
                   A        B        C        D        E       F      G
               +--------+--------+--------+--------+--------+-----+--------+
         Total |  11253 |  10793 |    460 |    280 |   8076 |  13 |  865.6 |
       Dungeon |  10969 |  10509 |    460 |    280 |   7941 |  11 |  997.2 |
        Temple |      1 |      1 |      0 |      0 |      0 |   1 |    1.0 |
       Ossuary |    282 |    282 |      0 |      0 |    135 |   1 |  282.0 |
               +--------+--------+--------+--------+--------+-----+--------+

Top non-repeatable levels by time:
     D:8: 1678 daAuts
     D:7: 1446 daAuts
     D:5: 1424 daAuts
     D:9: 1361 daAuts
     D:1: 1158 daAuts
     D:4: 1157 daAuts
     D:2: 961 daAuts
     D:6: 820 daAuts
     D:3: 683 daAuts
 Ossuary: 282 daAuts
    D:10: 184 daAuts
    D:11: 93 daAuts
  Temple: 1 daAuts
